Map: Вечная империя РВ

Players

Doll - Winner!

  • Race: Protoss Protoss
  • Spawn Location: 7:00

ИИ 1 (знаток)

  • Race: Zerg Zerg
  • Spawn Location: 1:00

VOD

Have the link to the VOD?

Description

Time

  • Played on: May 10, 2020, 2:50 p.m.
  • Length: 8:34
Show
View Real Time Build Order
Export as new Build Order

Doll Protoss - Winner!

Build Orders:  

Get SALT Encoding   

  12  0:01  Probe  
  13  0:13  Probe  
  14  0:21  Pylon  
  14  0:26  Probe  
  15  0:39  Probe (Chrono Boost)  
  15  0:42  Gateway  
  16  0:46  Assimilator  
  17  0:50  Probe (Chrono Boost)  
  17  0:55  Probe (Chrono Boost)  
  18  1:03  Pylon  
  18  1:06  Probe  
  19  1:19  Probe  
  20  1:29  Cybernetics Core  
  20  1:30  Zealot  
  22  1:33  Assimilator, Probe  
  23  1:45  Probe, Gateway  
  24  1:57  Probe  
  24  1:58  Zealot  
  27  2:04  Pylon  
  27  2:06  Warp Gate  
  27  2:19  Robotics Facility  
  27  2:25  Stalker  
  29  2:32  Adept  
  31  2:43  Pylon  
  31  2:56  Stalker  
  33  3:04  Zealot  
  35  3:09  Immortal  
  39  3:22  Twilight Council  
  39  3:26  Adept  
  41  3:32  Zealot  
  43  3:41  Pylon  
  43  3:56  Immortal  
  47  4:04  Sentry  
  47  4:08  Sentry  
  51  4:19  Pylon  
  51  4:33  Zealot  
  51  4:37  Immortal  
  57  4:42  Adept  
  59  4:46  Probe  
  59  4:51  Pylon  
  60  5:03  Robotics Facility  
  60  5:04  Sentry  
  62  5:20  Immortal  
  66  5:23  Probe  
  67  5:28  Zealot  
  69  5:36  Stalker  
  71  5:47  Pylon  
  71  5:48  Charge  
  71  6:00  Forge  
  71  6:25  Probe  
  72  6:26  Nexus  
  72  6:37  Probe  
  72  6:38  Templar Archives  
  73  6:49  Probe  
  73  6:50  Forge  
Show
View Real Time Build Order
Export as new Build Order

ИИ 1 (знаток) Zerg 

Build Orders: 1 Base Baneling Bust, Pool First 

Get SALT Encoding   

  12  0:00  Drone  
  13  0:12  Overlord  
  13  0:16  Drone  
  14  0:30  Drone x2  
  16  0:44  Spawning Pool  
  16  0:45  Drone  
  16  0:50  Drone  
  16  0:53  Extractor  
  16  0:55  Drone  
  17  1:06  Overlord  
  17  1:31  Queen, Zergling x2  
  20  1:37  Roach Warren  
  20  1:38  Zergling x2, Drone  
  21  1:43  Extractor  
  20  1:49  Drone  
  21  2:00  Drone  
  22  2:10  Zergling x2  
  23  2:21  Drone  
  24  2:31  Overlord  
  24  2:37  Lair  
  24  2:38  Zergling x2, Drone  
  26  3:09  Zergling x2  
  27  3:16  Overlord, Zergling x2  
  28  3:24  Zergling x2  
  29  3:36  Hydralisk Den, Drone  
  29  3:38  Infestation Pit  
  28  3:49  Drone  
  29  4:02  Metabolic Boost  
  29  4:06  Hydralisk  
  29  4:08  Drone  
  32  4:12  Drone  
  32  4:16  Drone  
  34  4:17  Infestor  
  34  4:18  Drone  
  34  4:23  Overlord, Drone  
  38  4:30  Infestor  
  40  4:41  Infestor  
  43  4:45  Drone  
  43  4:47  Evolution Chamber  
  43  4:48  Drone  
  43  4:58  Infestor  
  45  5:06  Hydralisk  
  47  5:19  Baneling Nest  
  47  5:20  Drone  
  47  6:13  Overlord, Roach  
  47  6:17  Spore Crawler  
  48  6:21  Hatchery, Spore Crawler  
  48  6:22  Hydralisk, Drone x2  
  50  6:34  Lurker Den  
  50  6:35  Drone  
  50  6:53  Hydralisk  
  50  6:54  Roach  
  50  7:02  Hydralisk  
  50  7:07  Drone  
  51  7:17  Overlord  
  51  7:21  Drone  
  45  7:26  Hydralisk  
  40  7:34  Hatchery  
Tags
 
Add a new tag
Caveats
  • Supply blocks, unpowered buildings, or Contaminate may cause inaccurate times.
  • Supply counts are checked every 10 seconds.